 Dungeon Crawl Stone Soup version 0.30.1-11-g7821555f0a (webtiles) character file.

Game seed: 7502750908072312328

84 KittyFluff the Trooper (level 4, -1/43 HPs)
             Began as a Gargoyle Berserker on Oct 29, 2023.
             Was a Believer of Trog.
             Slain by Sigmund
             ... wielding a +1 scythe of venom
              (8 damage)
             ... on level 2 of the Dungeon.
             The game lasted 00:04:17 (1159 turns).

KittyFluff the Trooper (Gargoyle Berserker)         Turns: 1159, Time: 00:04:18

Health: -1/43      AC:  7    Str: 22    XL:     4   Next: 45%
Magic:  4/4        EV: 11    Int:  8    God:    Trog [**....]
Gold:   102        SH:  0    Dex:  9    Spells: 3/3 levels left

rFire   . . .        a - +0 mace
rCold   . . .        (no shield)
rNeg    + . .        n - +0 leather armour
rPois   ∞            (no helmet)
rElec   +            (no cloak)
rCorr   .            (no gloves)
SInv    .            (no boots)
Will    .....        (no amulet) Stlth
                     (no ring)
HPRegen 0.27/turn    (no ring)
MPRegen 0.09/turn

%: no passive effects
@: berserking (expiring), slowed
A: sickness immunity, AC +3, negative energy resistance 1, electricity
resistance, torment resistance 1, petrification resistance
a: Renounce Religion, Berserk, Trog's Hand


You were on level 2 of the Dungeon.
You worshipped Trog.
Trog was pleased with you.
You visited 1 branch of the dungeon, and saw 2 of its levels.

You collected 102 gold pieces.

Inventory:

Hand Weapons
 a - a +0 mace (weapon)
 c - a +0 sling
Armour
 n - a +0 leather armour (worn)
Scrolls
 e - 3 scrolls of identify {unknown}
 h - a scroll of fear {unknown}
 k - a scroll of enchant armour {unknown}
 l - 3 scrolls of blinking {unknown}
Potions
 b - a potion of heal wounds {unknown}
 d - 2 potions of degeneration {unknown}
 f - a potion of curing {unknown}
 g - a potion of might {unknown}
 i - a potion of ambrosia {unknown}
 j - 2 potions of lignification {unknown}
 m - a potion of resistance {unknown}


   Skills:
 + Level 3.7 Fighting
 + Level 0.9(2.3) Axes
 * Level 3.7(3.8) Maces & Flails
 * Level 3.2 Armour
 + Level 2.1 Dodging


You had 3 spell levels left.
You didn't know any spells.
Your spell library was empty.

Dungeon Overview and Level Annotations

Branches:
Dungeon (2/15)

Altars:

Annotations:
D:2 Sigmund


Innate Abilities, Weirdness & Mutations

You are immune to sickness and miasma.
Your stone body is resilient. (AC +3)
You are immune to poison.
You resist negative energy. (rN+)
You are resistant to electric shocks. (rElec)
You are resistant to unholy torment.
You are immune to petrification.


Message History

The cerulean imp hits you but does no damage.
You barely miss Natasha.
Natasha is severely wounded.
Natasha claws you! The jackal closely misses you.
The cerulean imp hits you but does no damage.
You closely miss Natasha.
Natasha is severely wounded.
Sigmund mumbles some strange words.
Sigmund flickers and vanishes!
Deactivating autopickup; reactivate with Ctrl-A.
The jackal bites you but does no damage.
Natasha casts a spell at you.
You feel yourself slow down.
The cerulean imp hits you from afar with a +0 spear.
You sock Natasha!
You kill Natasha!
Trog accepts your kill.
Trog appreciates your killing of a magic user.
Natasha screams in pain as she dies!
The cerulean imp disappears in a puff of smoke!
Something hits you. The jackal barely misses you. Something hits you!
You have reached level 4!
You feel clever.
You thump the jackal!
You kill the jackal!
Trog accepts your kill. Something hits you.
* * * LOW HITPOINT WARNING * * *
The jackal bites you.
* * * LOW HITPOINT WARNING * * *
You bludgeon the jackal!!
You kill the jackal!
Trog accepts your kill. Something hits you.
* * * LOW HITPOINT WARNING * * *
You hit the kobold.
You kill the kobold!
Trog accepts your kill. Something hits you!
You die...

$......)...#....##.#
................# .. #
#......#..###....# #.# #
.......#..###....# #.###
..)!.............# #..#.
..........###....# #...
......##...# ### ##.#†
....h{##...#########..#.
..##J)@†#....<##.......
. #.####.###.....#####
#. .. ###.....).. .. #.#
######### .. .# #####.
$. ...... . .####. #. #.


You could see an endoplasm and a jackal.

Vanquished Creatures
  Natasha (D:2)
  A gnoll (D:1)
  An adder (D:2)
  2 dart slugs (D:1)
  5 bats
  2 giant cockroaches (D:2)
  3 goblins
  3 hobgoblins
  2 jackals (D:2)
  8 kobolds
  A quokka (D:1)
  2 ball pythons (D:2)
  6 rats
37 creatures vanquished.

Notes
Turn   | Place    | Note
-------+----------+-------------------------------------------
     0 | D:1      | KittyFluff the Gargoyle Berserker began the quest for the
                  | Orb.
     0 | D:1      | Reached XP level 1. HP: 14/14 MP: 1/1
   141 | D:1      | Found a faded altar of an unknown god.
   222 | D:1      | Reached XP level 2. HP: 19/19 MP: 2/2
   719 | D:1      | Reached XP level 3. HP: 16/23 MP: 3/3
   858 | D:2      | Reached ** piety under Trog
  1145 | D:2      | Noticed Natasha
  1150 | D:2      | Noticed Sigmund
  1156 | D:2      | Killed Natasha
  1157 | D:2      | Reached XP level 4. HP: 14/29 MP: 4/4
  1159 | D:2      | Slain by Sigmund

Illustrated notes

Levels and vault maps discovered:
D:1:      eino_arrival_druids_welcome, layout_loops_ring, basic_ecumenical_altar
D:2:      layout_rooms, uniq_natasha, uniq_sigmund

Skill      XL: |  1  2  3 |
---------------+----------+-----
Dodging        | 2 |  2.1
Armour         | 3 |  3.2
Fighting       | |  3.7
Axes           | |  0.9
Maces & Flails | |  3.7

Action                     |  1- 3 |  4- 6 || total
---------------------------+-------+-------++-------
  Melee: Mace              |    89 |     3 ||    92
         Punch             |     2 |       ||     2
 Invoke: Berserk           |     1 |       ||     1
   Stab: Sleeping          |     1 |       ||     1
 Armour: Animal skin       |    34 |       ||    34
         Leather armour    |     4 |       ||     4
  Dodge: Dodged            |    73 |       ||    73
